 Dungeon Crawl Stone Soup version 0.22-a0-614-g34fbaa0 (webtiles) character file.

281040 vinnietd the Warrior (level 19, 0/165 HPs)
             Began as a Demonspawn Fighter on July 15, 2018.
             Was the Champion of Yredelemnul.
             Shot with a bolt by a yaktaur captain (29 damage)
             ... on level 5 of the Vaults.
             The game lasted 01:50:34 (41868 turns).

vinnietd the Warrior (Demonspawn Fighter)          Turns: 41868, Time: 01:50:34

Health: 0/165      AC: 30    Str: 22    XL:     19   Next: 69%
Magic:  0/21       EV:  7    Int: 13    God:    Yredelemnul [******]
Gold:   1495       SH: 19    Dex: 12    Spells: 18/18 levels left

rFire    + . .     SeeInvis .   l - +5 demon whip (venom)
rCold    + + +     Gourm    .   n - +2 shield {reflect}
rNeg     + + +     Faith    .   E - +2 plate armour {rF+}
rPois    +         Spirit   +   g - +2 hat of the Bear Spirit {Spirit, +Rage rN+ MR++}
rElec    .         Reflect  +   j - scarf {rC+ rF+}
rCorr    .         Harm     .   t - +2 pair of gloves of Dithmenos's Favour {Regen+}
MR       +++..                  (boots unavailable)
Stlth    ..........             T - +3 amulet of reflection
HPRegen  0.77/turn              W - ring "Roggatua" {Ice rPois rN+++ MP-9 Stlth-}
MPRegen  0.34/turn              G - +2 ring of slaying

@: about to teleport, very slightly contaminated
A: antennae 1, talons 3, iridescent scales 3, clever 1, clumsy 1, cold
resistance 1, nightstalker 1, wild magic 1, magic shield, magic regeneration
}: 2/15 runes: barnacled, gossamer
a: Recall Undead Slaves, Injury Mirror, Animate Dead, Drain Life, Enslave Soul,
Renounce Religion, Evoke Berserk Rage


You were on level 5 of the Vaults.
You worshipped Yredelemnul.
Yredelemnul was exalted by your worship.
You were hungry.

You visited 6 branches of the dungeon, and saw 36 of its levels.
You also visited: Trove, Bailey and Ice Cave.

You collected 3596 gold pieces.
You spent 2101 gold pieces at shops.

Inventory:

Hand Weapons
 l - a +5 demon whip of venom (weapon)
Armour
 g - the +2 hat of the Bear Spirit (worn) {Spirit, +Rage rN+ MR++}
   (You found it on level 5 of the Lair of Beasts)

   It protects you from negative energy.
   It affects your resistance to hostile enchantments.
   It lets you go berserk.
 j - a scarf of resistance (worn)
 n - a +2 shield of reflection (worn)
 t - the +2 pair of gloves of Dithmenos's Favour (worn) {Regen+}
   (You acquired it in a treasure trove)

   It increases your rate of regeneration.
 E - a +2 plate armour of fire resistance (worn)
Jewellery
 o - an uncursed amulet of harm {unknown}
 G - a +2 ring of slaying (right hand)
 L - an uncursed ring of see invisible
 T - a +3 amulet of reflection (around neck)
 U - an uncursed ring of poison resistance
 W - the ring "Roggatua" (left hand) {Ice rPois rN+++ MP-9 Stlth-}
   (You found it on level 1 of the Vaults)

   [ring of ice]

   It enhances your ice magic.
   It makes you vulnerable to fire.
   It protects you from cold.
   It protects you from poison.
   It renders you almost immune to negative energy.
   It affects your magic capacity (-9).
   It makes you less stealthy.
 Y - an uncursed ring of resist corrosion
Wands
 c - a wand of random effects (20)
 r - a wand of disintegration (18)
 s - a wand of scattershot (4)
 u - a wand of digging (14)
 x - a wand of flame (35)
 M - a wand of clouds (9)
 N - a wand of iceblast (30)
 O - a wand of paralysis (15)
 P - a wand of enslavement (32)
 V - a wand of acid (14)
Scrolls
 h - 4 scrolls of fear
 i - 12 scrolls of remove curse {@r2}
 k - 7 scrolls of identify {@r1}
 m - 8 scrolls of amnesia
 q - 5 scrolls of blinking
 y - 6 scrolls of fog
 B - 7 scrolls of enchant armour
 F - a scroll of enchant weapon
 I - 7 scrolls of teleportation
 R - 8 scrolls of magic mapping
Potions
 a - 2 potions of might
 b - 3 potions of brilliance
 d - 9 potions of curing {@q1}
 e - 3 potions of berserk rage
 p - 2 potions of mutation {!q}
 v - 2 potions of resistance
 w - 5 potions of lignification
 z - 2 potions of ambrosia
 A - 3 potions of haste
 C - 6 potions of flight
 D - 5 potions of heal wounds
 J - 5 potions of agility
 K - a potion of magic
Miscellaneous
 Q - a lamp of fire
Comestibles
 f - 32 rations
 H - 7 chunks of flesh


   Skills:
 + Level 18.8 Fighting
 - Level 16.0 Maces & Flails
 + Level 14.4 Armour
 - Level 15.0 Shields
 - Level 15.0 Invocations


You had 18 spell levels left.
You didn't know any spells.
Your spell library contained the following spells:

 Spells                   Type           Power        Failure   Level  Hunger
 Cause Fear               Hex            #.........   100%        4    #####..
 Fireball                 Conj/Fire      #.........   100%        5    ######.
 Apportation              Tloc           #.....       98%         1    ##.....
 Bolt of Fire             Conj/Fire      #.........   100%        6    #######
 Bolt of Magma            Conj/Fire/Erth #.........   100%        5    ######.
 Slow                     Hex            #.......     99%         2    ###....
 Confuse                  Hex            #.......     100%        3    ####...
 Ring of Flames           Chrm/Fire      #.........   100%        7    #######
 Venom Bolt               Conj/Pois      #.........   100%        5    ######.
 Summon Small Mammal      Summ           #...         98%         1    ##.....
 Animate Skeleton         Necr           N/A          98%         1    ##.....
 Summon Ice Beast         Ice/Summ       #.......     100%        4    #####..
 Call Imp                 Summ           #.......     99%         2    ###....
 Sublimation of Blood     Necr           #.........   99%         2    ###....
 Tukima's Dance           Hex            #.......     100%        3    ####...
 Iron Shot                Conj/Erth      #.........   100%        6    #######
 Stone Arrow              Conj/Erth      #.....       100%        3    ####...
 Statue Form              Tmut/Erth      #........    100%        6    #######
 Dragon Form              Tmut           #.........   100%        7    #######
 Confusing Touch          Hex            #.....       98%         1    ##.....
 Passwall                 Tmut/Erth      #.......     99%         2    ###....
 Ignite Poison            Fire/Tmut/Pois #.......     100%        3    ####...
 Call Canine Familiar     Summ           #.......     100%        3    ####...
 Ensorcelled Hibernation  Hex/Ice        #.....       99%         2    ###....
 Summon Butterflies       Summ           #.......     98%         1    ##.....
 Corona                   Hex            #......      98%         1    ##.....
 Alistair's Intoxication  Tmut/Pois      #.......     100%        5    ######.
 Lee's Rapid Deconstruct  Erth           #.........   100%        5    ######.
 Sandblast                Erth           #.....       98%         1    ##.....
 Portal Projectile        Hex/Tloc       #.....       100%        3    ####...
 Petrify                  Tmut/Erth      #.......     100%        4    #####..
 Orb of Destruction       Conj           #.........   100%        7    #######
 Leda's Liquefaction      Hex/Erth       #.........   100%        4    #####..
 Summon Hydra             Summ           #.........   100%        7    #######
 Inner Flame              Hex/Fire       #.......     100%        3    ####...
 Iskenderun's Battlesphe  Conj/Chrm      #.......     100%        5    ######.
 Dazzling Spray           Conj/Hex       #.....       100%        3    ####...
 Summon Lightning Spire   Summ/Air       #.......     100%        4    #####..
 Summon Guardian Golem    Hex/Summ       #.......     100%        3    ####...
 Spellforged Servitor     Conj/Summ      #.........   100%        7    #######
 Summon Mana Viper        Hex/Summ       #.......     100%        5    ######.
 Hydra Form               Tmut           #.........   100%        6    #######
 Irradiate                Conj/Tmut      #.........   100%        5    ######.
 Ignition                 Fire           #.........   100%        8    #######


Dungeon Overview and Level Annotations

Branches:
Dungeon (15/15)            Temple (0/1) D:7            Lair (6/6) D:9
 Shoals (4/4) Lair:2       Spider (4/4) Lair:2        Slime (0/5) Lair:6
    Orc (2/2) D:12            Elf (0/3) Orc:2        Vaults (5/5) D:13
  Crypt (0/3) Vaults:3     Depths (0/5) D:15

Altars:
Ashenzari
Cheibriados
Dithmenos
Fedhas
Gozag
Nemelex Xobeh
Okawaru
Sif Muna
Trog
Xom
Yredelemnul
The Shining One

Shops:
D:4 ?   D:7 ?   D:9 *   Orc:2 !*%[   Shoals:1 (   Shoals:2 %[[   Vaults:1 **[%(
Vaults:2 =   Vaults:4 %

Annotations:
D:7 2 transporters, pooppants's ghost, novice MiBe
Lair:6 Qoduo's ghost, journeyman TeAE
Spider:2 2 transporters, CanOfBees's ghost, adept HOFi
Vaults:2 Dacon's ghost, adept MiGl


Innate Abilities, Weirdness & Mutations

You have claws for feet.
You are completely covered in iridescent scales. (AC +6)
Your flesh is cold resistant. (rC+)
You are slightly more attuned to the shadows.
When hurt, damage is shared between your health and your magic reserves.
You regenerate magic rapidly.
You have a pair of small antennae on your head.
Your mind is acute. (Int +2)
You are clumsy. (Dex -2)
Your spells are a little harder to cast, but a little more powerful.


Message History

Blink to where?
Press: ? - help, Dir - move target cursor
As you read the scroll of blinking, it crumbles to dust.
An ice dragon and a yaktaur captain come into view.
The yaktaur captain shouts!
The ice dragon roars deafeningly!
The yaktaur captain wields an arbalest.
The yaktaur captain shoots a bolt.
The bolt hits you!!
* * * LOW HITPOINT WARNING * * *
You see here a bolt.
As you read the scroll of teleportation, it crumbles to dust.
You feel strangely unstable. The ice dragon breathes frost at you.
The blast of cold hits you!
You hear a deafening roar!
You hear a shout!
You hear a deafening roar! x2
As you read the scroll of summoning, it crumbles to dust.
Wisps of shadow whirl around you...
You hear a shout!
The yaktaur captain shoots a bolt.
The bolt hits you!!
You die...
Your body rises from the dead as a mindless zombie.

.. ....... #..
#...#....... # #...
#.......... .. #...
#...#O#O.. O#.
#....#...C.... ....
#....#...#.#.#.D#.#
..c...C.{..O§...O..
..D....############
.......@Wp.WW.
......T.W..z..
##############


You could see an ice dragon, a stone giant, a yaktaur captain, a friendly death
knight, a friendly skeletal warrior, a friendly deep troll, a friendly
phantasmal warrior and 3 friendly wraiths.

Vanquished Creatures
  A profane servitor (Vaults:2)
  A tentacled monstrosity (Vaults:5)
  A sphinx (Vaults:3)
  Donald (Shoals:3)
  A fire giant (D:15)
  2 frost giants (Vaults:3)
  A deep elf sorcerer (Vaults:3)
  5 vault wardens
  An emperor scorpion (Spider:2)
  8 ironheart preservers
  5 stone giants
  5 entropy weavers
  2 deep elf demonologists
  2 deep elf death magi (Vaults:3)
  A great orb of eyes (Vaults:3)
  4 yaktaur captains
  A merfolk impaler (Shoals:4)
  8 vault guards
  9 hydras
  Harold (Lair:1)
  Erolcha (D:13)
  3 ice dragons
  2 merfolk avatars
  An anaconda (shapeshifter) (Vaults:2)
  2 catoblepae
  2 merfolk aquamancers
  17 two-headed ogres
  An alligator snapping turtle (Shoals:4)
  6 centaur warriors
  5 ogre magi
  A deep troll shaman (Lair:6)
  A tengu warrior (D:13)
  2 death knights
  8 death yaks
  3 orc high priests (Orc:2)
  Sonja (Lair:4)
  4 deep elf knights
  A fire crab (shapeshifter) (Vaults:1)
  8 hell knights
  3 skeletal warriors
  2 unseen horrors
  9 sea snakes
  4 wizards
  4 deep trolls
  2 lindwurms
  5 deep elf archers
  8 ironbrand convokers
  A phantasmal warrior (Vaults:3)
  Pikel (D:7)
  3 necromancers
  2 harpies (Shoals:1)
  8 orb spiders
  5 orc sorcerers
  9 orc knights
  17 ugly things
  13 wolf spiders
  2 deep elf magi
  7 fauns
  A salamander (shapeshifter) (Vaults:3)
  5 cyclopes
  3 manticores
  7 elephants
  2 moths of wrath
  2 merfolk sirens (Shoals:3)
  Maurice (D:8)
  4 centaur zombies
  9 vault sentinels
  3 ice statues (IceCv)
  A black mamba (Lair:6)
  5 torpor snails
  7 spiny frogs
  2 water nymphs (Shoals:2)
  8 rime drakes
  7 komodo dragons
  A redback zombie (Spider:2)
  4 kobold demonologists (D:13)
  5 freezing wraiths
  6 demonic crawlers
  13 yaktaurs
  11 ice devils (IceCv)
  A troll (shapeshifter) (Vaults:4)
  6 merfolk
  3 meliai
  A meliai (shapeshifter) (Vaults:1)
  6 hornets
  2 polar bears
  7 jumping spiders
  2 trolls
  6 slime creatures
  Prince Ribbit (D:7)
  13 dream sheep
  A harpy skeleton (D:15)
  A frost giant simulacrum (Vaults:2)
  5 hippogriffs
  A snapping turtle (Shoals:2)
  A tarantella (shapeshifter) (Vaults:1)
  2 shadows
  An orc simulacrum (Vaults:3)
  2 water elementals (Shoals:1)
  5 wraiths
  A vampire (Vaults:2)
  40 redbacks
  17 tarantellas
  2 wyverns
  41 yaks
  7 steam dragons
  2 vampire mosquitoes (D:14)
  2 acid dragons
  Menkaure (D:7)
  2 soldier ants
  4 wargs
  5 water moccasins
  7 porcupines
  2 sky beasts
  8 ice beasts
  4 black bears
  22 orc warriors
  An eye of draining (D:11)
  18 ogres
  An eye of draining (shapeshifter) (Vaults:1)
  4 phantoms
  9 centaurs
  10 wolves
  4 big kobolds
  6 crocodiles
  Blork the orc (D:9)
  14 bullfrogs
  A human zombie (Vaults:1)
  A yaktaur skeleton (Vaults:1)
  2 human skeletons (Vaults:1)
  8 scorpions
  A wyvern skeleton (D:12)
  9 killer bees
  6 wights
  2 howler monkeys
  An electric eel (Lair:3)
  4 crimson imps
  3 bullfrog zombies (D:12)
  11 orc wizards
  A quasit (D:14)
  6 draconian simulacra (IceCv)
  8 hounds
  3 jellies
  19 orc priests
  3 bullfrog skeletons
  2 centaur skeletons
  4 iguanas
  A troll simulacrum (IceCv)
  14 worker ants
  A spriggan simulacrum (IceCv)
  A centaur simulacrum (IceCv)
  5 ogre zombies (D:12)
  A hound skeleton (D:10)
  7 adders
  9 gnolls
  An ogre simulacrum (IceCv)
  3 shadow imps
  4 oozes (D:11)
  An adder zombie (D:5)
  3 worms
  3 dart slugs
  5 leopard geckos
  74 orcs
  10 bats
  6 giant cockroaches
  7 goblins
  3 hobgoblins (D:1)
  9 jackals
  4 quokkas
  9 frilled lizards
  2 goblin zombies (D:12)
  18 kobolds
  2 leopard gecko skeletons
  3 orc skeletons (D:12)
  7 orc zombies (D:12)
  A quokka zombie (D:8)
  6 rats
  A crawling corpse (Vaults:3)
  A tentacle (Shoals:4)
960 creatures vanquished.

Vanquished Creatures (collateral kills)
  Nikola (Shoals:2)
  Arachne (Spider:2)
  A kraken (Shoals:4)
  Polyphemus (Shoals:2)
  Ilsuiw (Shoals:3)
  A frost giant (Vaults:4)
  A fire giant (Vaults:5)
  4 vault wardens
  5 ghost moths
  6 emperor scorpions
  3 stone giants (Vaults:4)
  A curse skull (Vaults:3)
  5 ironheart preservers
  3 entropy weavers
  A deep elf demonologist (Vaults:3)
  A spark wasp (Spider:4)
  Snorg (Lair:5)
  2 merfolk javelineers (Shoals:4)
  2 merfolk impalers (Shoals:4)
  A death ooze (Lair:6)
  4 great orbs of eyes
  3 yaktaur captains
  4 ogre magi
  14 vault guards
  A death knight (Vaults:4)
  A catoblepas (Shoals:2)
  2 centaur warriors (Vaults:1)
  3 merfolk avatars
  3 merfolk aquamancers
  5 death yaks
  A satyr (Shoals:3)
  13 two-headed ogres
  A deep elf knight (Vaults:3)
  2 hell knights
  A soul eater (Vaults:3)
  3 skeletal warriors (Vaults:2)
  A deep troll (shapeshifter) (Spider:1)
  A deep troll (Vaults:4)
  2 unseen horrors
  8 sea snakes
  A flayed ghost (Spider:2)
  4 ironbrand convokers
  4 deep elf archers (Vaults:3)
  10 orc knights
  13 ugly things
  7 deep elf magi
  A necromancer (Vaults:1)
  14 wolf spiders
  6 orb spiders
  18 fauns
  2 orc sorcerers
  10 manticores
  3 cyclopes
  2 moths of wrath
  3 water nymphs
  A centaur zombie (D:14)
  4 merfolk sirens
  3 elephants (Lair:6)
  2 torpor snails
  3 black mambas
  7 vault sentinels
  2 spiny frogs
  A guardian serpent (shapeshifter) (Vaults:3)
  A centaur skeleton (D:15)
  6 demonic crawlers
  6 rime drakes
  11 yaktaurs
  A freezing wraith (D:9)
  12 merfolk
  A guardian mummy (D:12)
  3 wind drakes
  26 jumping spiders
  3 meliai
  A merfolk (shapeshifter) (Vaults:3)
  A queen bee (Spider:4)
  A troll (D:15)
  3 hornets
  4 hippogriffs
  4 dream sheep
  3 slime creatures
  5 snapping turtles
  A spriggan (shapeshifter) (Vaults:1)
  20 tarantellas
  26 redbacks
  A tarantella (shapeshifter) (D:14)
  A basilisk (D:15)
  13 yaks
  Grum (D:8)
  A warg (Vaults:2)
  5 water moccasins
  A porcupine (Lair:4)
  An eye of draining (shapeshifter) (Shoals:1)
  17 orc warriors
  A phantom (D:12)
  8 ogres
  3 centaurs
  4 wolves
  5 boggarts (Vaults:3)
  2 crocodiles
  A big kobold (D:11)
  9 bullfrogs
  3 troll zombies (D:12)
  A scorpion (Lair:2)
  7 killer bees
  An orc simulacrum (Vaults:1)
  6 wights
  A howler monkey (D:8)
  3 crimson imps
  2 jellies
  8 orc priests
  5 orc wizards
  3 hounds
  3 worker ants
  A killer bee zombie (D:8)
  A gnoll (D:8)
  A shadow imp (D:8)
  An ooze (D:11)
  14 orcs
  2 giant cockroaches (Lair:2)
  6 hobgoblin zombies (D:12)
  7 kobolds
  3 orc skeletons (D:12)
  4 orc zombies (D:12)
  A crawling corpse (Vaults:3)
  5 fungi
  26 plants
  3 tentacles (Shoals:4)
567 creatures vanquished.

Vanquished Creatures (others)
  2 profane servitors (Vaults:5)
  A bone dragon (Vaults:3)
  Asterion (Spider:1)
  2 ghouls
  7 vampire knights
  A spectral human (Shoals:4)
  A spectral guardian serpent (Shoals:2)
  A death yak (Lair:6)
  A spectral elf (Vaults:3)
  2 skeletal warriors (Vaults:3)
  3 flayed ghosts
  6 phantasmal warriors
  A wolf spider zombie (Spider:1)
  An orb spider (Spider:4)
  A stone giant zombie (Vaults:2)
  3 fauns
  A manticore (D:15)
  2 death yak zombies (Lair:6)
  2 rime drakes (Lair:3)
  4 redback zombies (Spider:1)
  A hydra zombie (D:14)
  A jumping spider zombie (Spider:1)
  2 snapping turtles
  3 ugly thing zombies
  A meliai zombie (D:14)
  4 flying skulls
  8 vampires
  2 wraiths
  4 elf zombies (Vaults:3)
  An orb spider zombie (Spider:1)
  A hornet zombie (D:15)
  A slave (D:7)
  A lindwurm zombie (Lair:6)
  2 dream sheep zombies
  A torpor snail zombie (Lair:6)
  4 rime drake zombies (Lair:3)
  4 yaktaur zombies
  A komodo dragon zombie (Lair:4)
  10 human zombies
  An elf skeleton (Lair:6)
  13 yak zombies
  A polar bear zombie (Lair:6)
  A troll zombie (D:9)
  3 wights
  2 yak skeletons
  2 wolf zombies (Lair:2)
  A bullfrog zombie (D:15)
  2 centaur zombies
  A black bear zombie (Lair:6)
  2 jellies (Lair:6)
  A porcupine zombie (Lair:4)
  A human skeleton (Lair:6)
  A big kobold zombie (D:10)
  4 ogre zombies
  An acid dragon zombie (D:12)
  A crocodile zombie (D:9)
  A dwarf skeleton (Lair:6)
  A hound zombie (D:9)
  A mummy (D:12)
  A worker ant zombie (D:9)
  A scorpion zombie (D:8)
  A steam dragon zombie (Lair:3)
  4 ball lightnings (Lair:6)
  2 gnoll zombies (D:8)
  An orc skeleton (Lair:6)
  27 orc zombies
  4 rat skeletons (Orc:2)
  2 fungi
  12 plants
  11 tentacles (Shoals:4)
202 creatures vanquished.

Grand Total: 1729 creatures vanquished

Notes
Turn   | Place    | Note
-------+----------+-------------------------------------------
     0 | D:1      | vinnietd the Demonspawn Fighter began the quest for the Orb.
     0 | D:1      | Reached XP level 1. HP: 18/18 MP: 1/1
   161 | D:1      | Gained mutation: You have sharp toenails. [demonic ancestry]
   161 | D:1      | Reached XP level 2. HP: 20/24 MP: 2/2
   969 | D:2      | Gained mutation: You have razor-sharp toenails. [demonic ancestry]
   969 | D:2      | Reached XP level 3. HP: 29/29 MP: 3/3
   973 | D:2      | Found a shadowy altar of Dithmenos.
  1249 | D:2      | Noticed a sky beast
  1270 | D:2      | Killed a sky beast
  1270 | D:2      | Gained mutation: You are partially covered in iridescent scales. (AC +2) [demonic ancestry]
  1270 | D:2      | Reached XP level 4. HP: 20/37 MP: 4/4
  1270 | D:2      | Reached XP level 5. HP: 23/42 MP: 5/5
  1626 | D:2      | Found a bloodstained altar of Trog.
  2250 | D:3      | Reached skill level 4 in Fighting
  2497 | D:3      | Gained mutation: You are mostly covered in iridescent scales. (AC +4) [demonic ancestry]
  2497 | D:3      | Reached XP level 6. HP: 40/48 MP: 6/6
  2841 | D:3      | Found a glowing golden altar of the Shining One.
  2842 | D:3      | Found an iron altar of Okawaru.
  3437 | D:4      | Found a blossoming altar of Fedhas.
  3439 | D:4      | Found a basalt altar of Yredelemnul.
  3449 | D:4      | Became a worshipper of Yredelemnul the Dark
  3596 | D:4      | Reached XP level 7. HP: 46/55 MP: 7/7
  4225 | D:4      | Found Awemoso's Magic Scroll Shoppe.
  4252 | D:4      | Bought a scroll of teleportation for 33 gold pieces
  4434 | D:5      | Entered Level 5 of the Dungeon
  4731 | D:5      | Reached skill level 5 in Maces & Flails
  4808 | D:5      | Reached skill level 5 in Fighting
  4924 | D:5      | Reached * piety under Yredelemnul
  5213 | D:6      | Reached XP level 8. HP: 62/62 MP: 8/8
  6152 | D:6      | Reached skill level 5 in Armour
  6152 | D:6      | Reached skill level 5 in Shields
  6657 | D:6      | Reached skill level 6 in Fighting
  7203 | D:7      | Noticed Prince Ribbit
  7244 | D:7      | Killed Prince Ribbit
  7244 | D:7      | Reached XP level 9. HP: 69/69 MP: 9/9
  7292 | D:7      | Found a transporter.
  7293 | D:7      | Found a transporter.
  7293 | D:7      | Noticed pooppants's ghost (novice MiBe)
  7670 | D:7      | Reached ** piety under Yredelemnul
  7872 | D:7      | Noticed Pikel
  7898 | D:7      | Killed Pikel
  7957 | D:7      | Found Vehed's Magic Scroll Boutique.
  8098 | D:7      | Found a staircase to the Ecumenical Temple.
  8109 | D:7      | Noticed Menkaure
  8124 | D:7      | Killed Menkaure
  8124 | D:7      | Reached skill level 7 in Fighting
  8377 | D:8      | Identified the cursed +1 scale mail of the Iron Devil {rF+ rC+} (You found it on level 8 of the Dungeon)
  8396 | D:8      | Reached skill level 1 in Invocations
  8499 | D:8      | Found a flagged portal.
  8508 | Bailey   | Entered a bailey
  8508 | Bailey   | Noticed an orc knight
  8509 | Bailey   | Noticed an orc knight
  8510 | Bailey   | Noticed an orc knight
  9032 | D:8      | Gained mutation: You are completely covered in iridescent scales. (AC +6) [demonic ancestry]
  9032 | D:8      | Reached XP level 10. HP: 78/79 MP: 11/11
  9180 | D:8      | Noticed Maurice
  9309 | D:8      | Killed Maurice
  9325 | D:8      | Noticed Grum
  9790 | D:8      | Killed Grum
  9797 | D:8      | Identified the +1 leather armour "Leck" {rCorr Str+6} (You took it off an orc on level 8 of the Dungeon)
 10154 | D:9      | Found Lusyditsi's Assorted Antiques.
 10315 | D:8      | Reached *** piety under Yredelemnul
 10349 | D:9      | Found a staircase to the Lair.
 10351 | D:9      | Bought a scroll labeled QIMOGO JELLO for 30 gold pieces
 10351 | D:9      | Bought a scroll labeled FUNGOO YVVA for 30 gold pieces
 10491 | D:9      | Received a gift from Yredelemnul (a wight)
 10500 | D:9      | Noticed a death knight
 11057 | D:9      | Found a snail-covered altar of Cheibriados.
 11211 | D:9      | Killed a death knight
 11211 | D:9      | Reached skill level 8 in Fighting
 11216 | D:9      | Reached skill level 5 in Invocations
 11234 | D:9      | Reached XP level 11. HP: 34/86 MP: 14/14
 11497 | D:9      | Noticed Blork the orc
 11505 | D:9      | Found a deep blue altar of Sif Muna.
 11516 | D:9      | Killed Blork the orc
 11561 | D:10     | Entered Level 10 of the Dungeon
 11601 | D:10     | Reached skill level 10 in Maces & Flails
 12109 | D:10     | Noticed a two-headed ogre
 12121 | D:10     | Killed a two-headed ogre
 12165 | D:10     | Reached **** piety under Yredelemnul
 12167 | D:10     | Received a gift from Yredelemnul (4 flying skulls)
 12856 | D:11     | Identified the +2 chain mail of Tinkapt {rC+ Regen+ Int+2} (You found it on level 11 of the Dungeon)
 13490 | D:12     | Received a gift from Yredelemnul (a wight)
 13522 | D:12     | Noticed a two-headed ogre
 13540 | D:12     | Killed a two-headed ogre
 13638 | D:12     | Found a staircase to the Orcish Mines.
 13652 | D:12     | Received a gift from Yredelemnul (a mummy)
 13692 | D:12     | Reached skill level 9 in Fighting
 13698 | D:12     | Reached ***** piety under Yredelemnul
 13698 | D:12     | Received a gift from Yredelemnul (a wight)
 13736 | D:12     | Noticed a purple ugly thing
 13745 | D:12     | Killed a purple ugly thing
 13797 | D:12     | Killed an unseen horror
 13866 | D:12     | Noticed a deep elf mage
 13881 | D:12     | Killed a deep elf mage
 13890 | D:12     | Received a gift from Yredelemnul (a wraith)
 13980 | D:12     | Noticed an eight-headed hydra
 13988 | D:12     | Killed an eight-headed hydra
 14137 | D:12     | Noticed a two-headed ogre
 14144 | D:12     | Killed a two-headed ogre
 14144 | D:12     | Gained mutation: When hurt, damage is shared between your health and your magic reserves. [demonic ancestry]
 14144 | D:12     | Reached XP level 12. HP: 95/95 MP: 17/17
 14261 | D:12     | Found a portal to a secret trove of treasure.
 14292 | Trove    | Entered a treasure trove
 14314 | Trove    | Got a vibrating ivory amulet
 14378 | Trove    | Identified 2 scrolls of acquirement
 14379 | Trove    | Got a pair of ichor-stained gloves
 14390 | Trove    | Identified the +2 pair of gloves of Dithmenos's Favour {Regen+} (You acquired it in a treasure trove)
 14391 | Trove    | Identified the amulet of the Moon {+Rage Str+4} (You found it in a treasure trove)
 14646 | D:13     | Noticed a yaktaur captain
 14674 | D:13     | Killed a yaktaur captain
 14674 | D:13     | Noticed a tengu warrior
 14695 | D:13     | Killed a tengu warrior
 14872 | Lair:1   | Entered Level 1 of the Lair of Beasts
 14872 | Lair:1   | Noticed a seven-headed hydra
 14878 | Lair:1   | Killed a seven-headed hydra
 15114 | Lair:1   | Noticed Harold
 15125 | Lair:1   | Killed Harold
 15718 | Lair:2   | Reached skill level 10 in Fighting
 15719 | Lair:2   | Noticed a five-headed hydra
 15730 | Lair:2   | Killed a five-headed hydra
 15817 | Lair:2   | Found a hole to the Spider Nest.
 16135 | Lair:2   | Found a staircase to the Shoals.
 16455 | Lair:3   | Noticed a seven-headed hydra
 16474 | Lair:2   | Killed a seven-headed hydra
 16541 | Lair:3   | Gained mutation: You are slightly more attuned to the shadows. [demonic ancestry]
 16541 | Lair:3   | Reached XP level 13. HP: 89/104 MP: 16/20
 16549 | Lair:3   | Reached skill level 10 in Invocations
 17621 | Lair:3   | Reached skill level 10 in Shields
 17743 | Lair:4   | Noticed Sonja
 17956 | Lair:4   | Received a gift from Yredelemnul (a vampire)
 18108 | Lair:4   | Killed Sonja
 18108 | Lair:4   | Reached skill level 11 in Fighting
 18772 | Lair:4   | Identified the +1 plate armour of Gestures {rC- Str+5 Dex+4 SInv} (You found it on level 4 of the Lair of Beasts)
 18878 | Lair:5   | Found the +2 hat of the Bear Spirit {Spirit, +Rage rN+ MR++}
 19244 | Lair:5   | Noticed Snorg
 19257 | Lair:5   | Killed Snorg
 19322 | Lair:5   | Found a frozen archway.
 19330 | IceCv    | Entered an ice cave
 19500 | IceCv    | Reached XP level 14. HP: 107/113 MP: 19/21
 20112 | Lair:6   | Entered Level 6 of the Lair of Beasts
 20369 | Lair:6   | Received a gift from Yredelemnul (a vampire)
 20424 | Lair:6   | Received a gift from Yredelemnul (a phantasmal warrior)
 20485 | Lair:6   | Reached skill level 12 in Fighting
 21048 | Lair:6   | Found a staircase to the Slime Pits.
 21280 | Lair:6   | Found a runed gate.
 21280 | Lair:6   | Found a runed gate.
 21281 | Lair:6   | Found a runed gate.
 21286 | Lair:6   | Noticed Qoduo's ghost (journeyman TeAE)
 21386 | Lair:6   | Reached skill level 15 in Maces & Flails
 22319 | D:13     | Received a gift from Yredelemnul (a vampire)
 22483 | D:13     | Found an opulent altar of Gozag.
 22528 | D:13     | Found a gate to the Vaults.
 22824 | D:13     | Noticed Erolcha
 22832 | D:13     | Killed Erolcha
 22925 | D:14     | Received a gift from Yredelemnul (a flayed ghost)
 23798 | D:15     | Entered Level 15 of the Dungeon
 23932 | D:15     | Gained mutation: You have claws for feet. [demonic ancestry]
 23932 | D:15     | Reached XP level 15. HP: 105/122 MP: 17/22
 23947 | D:15     | Received a gift from Yredelemnul (a phantasmal warrior)
 24007 | D:15     | Paralysed by a hornet for 1 turns
 24184 | D:15     | Noticed a fire giant
 24209 | D:15     | Found a staircase to the Depths.
 24383 | D:15     | Killed a fire giant
 25537 | Orc:1    | Entered Level 1 of the Orcish Mines
 25544 | Orc:1    | Reached skill level 13 in Fighting
 25601 | Orc:2    | Entered Level 2 of the Orcish Mines
 25664 | Orc:2    | Received a gift from Yredelemnul (a wraith)
 25702 | Orc:2    | Found a staircase to the Elven Halls.
 26005 | Orc:2    | Received a gift from Yredelemnul (a phantasmal warrior)
 26451 | Orc:2    | Found Vevvapru's Distillery.
 26451 | Orc:2    | Found Onisch's General Store.
 26453 | Orc:2    | Found Memmyx's Food Shop.
 26453 | Orc:2    | Found Gyorph's Antique Armour Shoppe.
 26461 | Orc:2    | Bought a slimy plate armour for 812 gold pieces
 26463 | Orc:2    | Identified the cursed +1 plate armour of Wagarias {rC+} (You bought it in a shop on level 2 of the Orcish Mines)
 26717 | D:4      | Bought a scroll of acquirement for 572 gold pieces
 26823 | D:7      | Bought a scroll of acquirement for 624 gold pieces
 26985 | Spider:1 | Entered Level 1 of the Spider Nest
 26998 | Spider:1 | Received a gift from Yredelemnul (a vampire)
 27033 | Spider:1 | Reached ****** piety under Yredelemnul
 27128 | Spider:1 | Received a gift from Yredelemnul (a vampire)
 27149 | Spider:1 | Received a gift from Yredelemnul (a flayed ghost)
 27321 | Spider:1 | Noticed Asterion
 27330 | Spider:1 | Killed Asterion
 27330 | Spider:1 | Reached skill level 14 in Fighting
 27408 | Spider:1 | Received a gift from Yredelemnul (a vampire knight)
 28303 | Spider:2 | Found a transporter.
 28306 | Spider:2 | Noticed CanOfBees's ghost (adept HOFi)
 28340 | Spider:2 | Found a transporter.
 28557 | Spider:2 | Received a gift from Yredelemnul (a skeletal warrior)
 28883 | Spider:2 | Gained mutation: Your flesh is cold resistant. (rC+) [demonic ancestry]
 28883 | Spider:2 | Reached XP level 16. HP: 128/134 MP: 21/23
 28896 | Spider:2 | Gained mutation: Your spells are a little harder to cast, but a little more powerful. [potion of mutation]
 28896 | Spider:2 | Gained mutation: Your mind is acute. (Int +2) [potion of mutation]
 28896 | Spider:2 | Gained mutation: You have a pair of small antennae on your head. [potion of mutation]
 28989 | Spider:2 | Noticed Arachne
 29007 | Spider:2 | Killed Arachne
 29105 | Spider:2 | Received a gift from Yredelemnul (a profane servitor)
 30387 | Spider:3 | Noticed Aizul
 30396 | Spider:3 | Killed Aizul
 30396 | Spider:3 | Enslaved Aizul
 30645 | Spider:4 | Entered Level 4 of the Spider Nest
 31011 | Spider:4 | Received a gift from Yredelemnul (a phantasmal warrior)
 31137 | Spider:4 | Received a gift from Yredelemnul (a flayed ghost)
 31475 | Spider:4 | Reached skill level 15 in Fighting
 31556 | Spider:4 | Got a gossamer rune of Zot
 31766 | Shoals:1 | Entered Level 1 of the Shoals
 31794 | Shoals:1 | Found Peennos's Weapon Emporium.
 32106 | Shoals:1 | Received a gift from Yredelemnul (a ghoul)
 32521 | Shoals:2 | Received a gift from Yredelemnul (a vampire knight)
 32549 | Shoals:2 | Noticed Nikola
 32554 | Shoals:2 | Your ally Aizul died
 32558 | Shoals:2 | Killed Nikola
 32597 | Shoals:2 | Found Toqan's Armour Shoppe.
 32606 | Shoals:2 | Found Botepefi's Food Boutique.
 32708 | Shoals:2 | Found Yryiwotz's Armour Emporium.
 32856 | Shoals:2 | Noticed Frances
 32859 | Shoals:2 | Noticed Polyphemus
 32860 | Shoals:2 | Gained mutation: You regenerate magic rapidly. [demonic ancestry]
 32860 | Shoals:2 | Reached XP level 17. HP: 142/142 MP: 23/26
 32879 | Shoals:2 | Killed Frances
 32879 | Shoals:2 | Enslaved Frances
 32884 | Shoals:2 | Killed Polyphemus
 33491 | Shoals:3 | Noticed Ilsuiw
 33507 | Shoals:3 | Killed Ilsuiw
 33544 | Shoals:3 | Received a gift from Yredelemnul (a vampire)
 33578 | Shoals:3 | Noticed Donald
 33588 | Shoals:3 | Killed Donald
 33706 | Shoals:3 | Received a gift from Yredelemnul (a vampire knight)
 33752 | Shoals:4 | Entered Level 4 of the Shoals
 33752 | Shoals:4 | Found a shattered altar of Ashenzari.
 34055 | Shoals:4 | Found a sparkling altar of Nemelex Xobeh.
 34093 | Shoals:4 | Noticed a kraken
 34108 | Shoals:4 | Reached skill level 10 in Armour
 34147 | Shoals:4 | Your ally Frances died
 34150 | Shoals:4 | Killed a kraken
 34160 | Shoals:4 | Got a barnacled rune of Zot
 34354 | Shoals:4 | Received a gift from Yredelemnul (a skeletal warrior)
 34658 | Vaults:1 | Entered Level 1 of the Vaults
 34987 | Vaults:1 | Received a gift from Yredelemnul (a vampire)
 35151 | Vaults:1 | Found Muotox's Assorted Antiques.
 35162 | Vaults:1 | Found Nediag's General Store.
 35279 | Vaults:1 | Reached skill level 16 in Fighting
 35280 | Vaults:1 | Received a gift from Yredelemnul (a vampire knight)
 35337 | Vaults:1 | Found Tihouz's Weapon Emporium.
 35390 | Vaults:1 | Found Sijam's Food Boutique.
 35407 | Vaults:1 | Found Wecid's Antique Armour Shoppe.
 35549 | Vaults:1 | Found a basalt altar of Yredelemnul.
 35639 | Vaults:1 | Received a gift from Yredelemnul (a vampire)
 35760 | Vaults:1 | Reached skill level 15 in Shields
 35951 | Vaults:1 | Got a bound turquoise ring
 36085 | Vaults:2 | Identified the ring "Roggatua" {Ice rPois rN+++ MP-9 Stlth-} (You found it on level 1 of the Vaults)
 36189 | Vaults:2 | Found Lasick's Jewellery Shop.
 36258 | Vaults:2 | Reached XP level 18. HP: 139/153 MP: 17/28
 36267 | Vaults:2 | Received a gift from Yredelemnul (a vampire)
 37040 | Vaults:2 | Found a runed door.
 37040 | Vaults:2 | Noticed Dacon's ghost (adept MiGl)
 37735 | Vaults:2 | Killed a profane servitor
 37845 | Vaults:3 | Received a gift from Yredelemnul (a bone dragon)
 37928 | Vaults:3 | Reached skill level 17 in Fighting
 38004 | Vaults:3 | Received a gift from Yredelemnul (a flayed ghost)
 38013 | Vaults:3 | Found a shimmering altar of Xom.
 38339 | Vaults:3 | Noticed a Brimstone Fiend
 38615 | Vaults:3 | Received a gift from Yredelemnul (a ghoul)
 38810 | Vaults:3 | Received a gift from Yredelemnul (a vampire knight)
 38938 | Vaults:3 | Got a translucent hat
 38949 | Vaults:3 | Identified the +2 hat "Ricvowik" {rElec Str+3 Int+3 Dex+2} (You acquired it on level 3 of the Vaults)
 39047 | Vaults:3 | Received a gift from Yredelemnul (a profane servitor)
 39406 | Vaults:3 | Received a gift from Yredelemnul (a phantasmal warrior)
 39531 | Vaults:3 | Reached skill level 18 in Fighting
 39692 | Vaults:3 | Found a staircase to the Crypt.
 39736 | Vaults:3 | Received a gift from Yredelemnul (a phantasmal warrior)
 39964 | Vaults:3 | Reached XP level 19. HP: 134/163 MP: 18/29
 40649 | Vaults:4 | Received a gift from Yredelemnul (a vampire knight)
 40918 | Vaults:4 | Received a gift from Yredelemnul (a vampire knight)
 40966 | Vaults:4 | Found Oxegin's Food Shoppe.
 41405 | Vaults:4 | Reached skill level 15 in Invocations
 41405 | Vaults:4 | Received a gift from Yredelemnul (a profane servitor)
 41794 | Vaults:5 | Entered Level 5 of the Vaults
 41840 | Vaults:5 | Gained mutation: You are clumsy. (Dex -2) [a neqoxec]
 41868 | Vaults:5 | Shot with a bolt by a yaktaur captain

Vault maps used:
D:1:      saegor_arrival_simple_e, minmay_three_crescents
D:2:      lemuel_coloured_pillars_altar, nicolae_dithmenos_shadow_blocks
D:3:      minitemple
D:4:      gammafunk_temple_overflow_pools, serial_shops,
          nicolae_shop_statue_plus, kennysheep_generic_room_15
D:5:      first_ration
D:6:      kennysheep_spiral_hall, kennysheep_generic_room_4
D:7:      temple_pool_b, gammafunk_ghost_mausoleum, serial_shops,
          nicolae_shop_trees, uniq_menkaure, uniq_pikel, uniq_prince_ribbit1
D:8:      enter_bailey_2, uniq_maurice, uniq_grum
D:9:      tgw_sif, cheibrodos_worm_habitat, serial_shops, shop_statue
D:11:     hangedman_little_slice_of_home
D:12:     zombieorc2_lemuel, nicolae_trove_entry_path_of_doom
D:13:     david_vaults_2, basic_altar, uniq_erolcha
D:14:     hangedman_abyss_or_decor_stagger
D:15:     grunt_enter_depths_giant_problem, roderic_lattice_a
Lair:1:   serial_bayou_shore_b, grunt_megastairs_1, uniq_harold
Lair:2:   shoals_dummy_entry, nicolae_spider_entry_non_spiders,
          infiniplex_staircase_pool
Lair:3:   cheibrodos_lair_river_kwai, nicolae_quartered_pool_little,
          grunt_forest_stairs_basic, bobbens_dragon_lair_wall
Lair:4:   uniq_sonja
Lair:5:   portal_ice_cave_entry_pillars_2, grunt_megastairs_5, uniq_snorg
Lair:6:   grunt_lair_end_beastmaster, slime_dummy, gammafunk_ghost_ooze
Shoals:1: serial_shops, shop_statue
Shoals:2: cheibrodos_shoals_three_sisters, serial_shops, shop, shop,
          nicolae_shop_crystal, uniq_polyphemus, uniq_nikola, uniq_frances
Shoals:3: uniq_donald, uniq_roxanne, uniq_ilsuiw
Shoals:4: shoals_end_hangedman, hangedman_feature_mirror
Spider:1: uniq_asterion
Spider:2: gammafunk_ghost_arena, uniq_arachne
Spider:3: uniq_aizul
Spider:4: johnstein_spider_rune_arachne_lair, nicolae_looking_at_the_future
Orc:1:    serial_shops, uniq_nergalle, uniq_josephine
Orc:2:    grunt_orc_tribal_feast, minmay_orc_keep
Vaults:1: hangedman_vaults_pinch, hangedman_vaults_impose, v_alt_pattern_4,
          nicolae_vaults_ring_of_whatevers, st_diamondy, v_misc_30,
          hangedman_vaults_slice, hangedman_vaults_stretched_pinwheel,
          vaults_mumra_minichess, nicolae_vaults_alarming, v_pattern_3,
          v_misc_13, serial_shops, nicolae_shop_trees, nicolae_shop_waterfront,
          shop, shop, shop_statue, basic_altar
Vaults:2: ebering_vaults_ghost_inner_flame, v_misc_10, grunt_vaults_twisty,
          vaults_room_octagon, ontoclasm_vaults_hangar, v_alt_pattern_2,
          nicolae_vaults_border_crossing, nicolae_vaults_mini_display_case,
          grunt_vaults_hallway_short, serial_shops, shop
Vaults:3: v_rooms_5, ontoclasm_vaults_twist, v_alt_pattern_2,
          hangedman_vaults_slither, v_pattern_5, dpeg_vaults_monster_box,
          vaults_room_door_ring, vaults_mumra_hex, nicolae_vaults_little_ls,
          minmay_crypt_entry_simple_statues, basic_altar
Vaults:4: v_rooms_5, v_alt_pattern_4, vaults_room_mumra_shop_pool,
          hangedman_vaults_stagger, v_misc_9, v_misc_26,
          hangedman_vaults_capsules, vaults_dpeg_diagonal, vaults_mumra_hexcomb,
          grunt_vaults_diagonal
Vaults:5: serial_shops
Trove:    trove_garden
Bailey:   bailey_polearm_4, bailey
IceCv:    ice_cave_tombish

Skill      XL: |  1  2  3  4  5  6  7  8  9 10 11 12 13 14 15 16 17 18 19 |
---------------+----------------------------------------------------------+-----
Maces & Flails | 2 3 4 5 7 8 9 11 12 14 15 16 | 16.0
Armour         | 3 4 5 6 7 9 11 13 14 | 14.4
Shields        | 3 4 5 6 7 8 9 10 11 13 14 15 | 15.0
Fighting       | 4 5 6 7 8 9 10 11 12 14 15 16 18 | 18.8
Invocations    | 1 5 7 9 10 12 13 15 | 15.0

Action                   |  1- 3 |  4- 6 |  7- 9 | 10-12 | 13-15 | 16-18 | 19-21 || total
-------------------------+-------+-------+-------+-------+-------+-------+-------++-------
Melee: Flail             |   112 |    94 |       |       |       |       |       ||   206
       Kick              |     9 |    34 |   109 |       |   186 |   548 |   111 ||   997
       Whip              |       |    63 |   605 |   151 |       |       |       ||   819
       Morningstar       |       |       |       |   366 |       |       |       ||   366
       Eveningstar       |       |       |       |   229 |  1018 |       |       ||  1247
       Demon whip        |       |       |       |       |   274 |  1345 |   288 ||  1907
Invok: Animate Remains   |       |       |     6 |     6 |     9 |       |       ||    21
       Animate Dead      |       |       |       |    14 |    43 |    17 |     4 ||    78
       Recall Undead Sla |       |       |       |     1 |     5 |    11 |     1 ||    18
       Injury Mirror     |       |       |       |     1 |       |       |       ||     1
       Enslave Soul      |       |       |       |       |       |     3 |       ||     3
       Drain Life        |       |       |       |       |       |     2 |     2 ||     4
  Use: Potion            |     1 |     2 |     5 |     5 |     7 |     2 |       ||    22
       Scroll            |       |     9 |     7 |     9 |    23 |    12 |     9 ||    69
 Stab: Distracted        |       |       |       |     2 |    14 |    28 |     1 ||    45
       Petrified         |       |       |       |       |     3 |    10 |       ||    13
       Paralysed         |       |       |       |       |     1 |    14 |       ||    15
       Sleeping          |       |       |       |       |       |     7 |       ||     7
       Petrifying        |       |       |       |       |       |     4 |       ||     4
       Confused          |       |       |       |       |       |     3 |       ||     3
  Eat: Chunk             |     1 |     4 |    17 |    14 |    18 |    26 |     2 ||    82
       Ration            |       |     1 |     1 |     5 |    11 |     5 |     2 ||    25
Armor: Scale mail        |    61 |    64 |    22 |       |       |       |       ||   147
       Chain mail        |       |       |   110 |   263 |    74 |       |       ||   447
       Plate armour      |       |       |    98 |   216 |   645 |   453 |   118 ||  1530
       Skin              |       |       |       |    16 |       |       |       ||    16
Dodge: Dodged            |    25 |    47 |    65 |   164 |   257 |   162 |    39 ||   759
Block: Shield            |    58 |    60 |   210 |   428 |   761 |   891 |   195 ||  2603
       Reflection        |       |       |       |       |     7 |    76 |     9 ||    92

Table legend:
 A = Spawn XP
 B = Non-spawn XP
 C = Spawn XP percentage of total XP
 D = Spawn monster count
 E = Non-spawn monster count
 F = Spawn count percentage of total count
 G = Total turns spent on level
                    A         B        C        D         E        F      G
               +---------+---------+-------+---------+---------+-------+---------
         Total |       0 |  445100 |   0.0 |       0 |    1499 |   0.0 | 41868
               +---------+---------+-------+---------+---------+-------+---------
           D:1 |       0 |      37 |   0.0 |       0 |      25 |   0.0 |   955
           D:2 |       0 |     165 |   0.0 |       0 |      13 |   0.0 |   767
           D:3 |       0 |     214 |   0.0 |       0 |      34 |   0.0 |  1335
           D:4 |       0 |     553 |   0.0 |       0 |      22 |   0.0 |  1512
           D:5 |       0 |     430 |   0.0 |       0 |      15 |   0.0 |   696
           D:6 |       0 |    1350 |   0.0 |       0 |      34 |   0.0 |  2070
           D:7 |       0 |    2356 |   0.0 |       0 |      21 |   0.0 |  1289
           D:8 |       0 |    2638 |   0.0 |       0 |      45 |   0.0 |  2061
           D:9 |       0 |    3528 |   0.0 |       0 |      31 |   0.0 |  1394
          D:10 |       0 |    3290 |   0.0 |       0 |      30 |   0.0 |  1611
          D:11 |       0 |     957 |   0.0 |       0 |      23 |   0.0 |   972
          D:12 |       0 |    7307 |   0.0 |       0 |      78 |   0.0 |  1084
          D:13 |       0 |    8285 |   0.0 |       0 |      36 |   0.0 |  1012
          D:14 |       0 |   11579 |   0.0 |       0 |      37 |   0.0 |  1147
          D:15 |       0 |   10831 |   0.0 |       0 |      31 |   0.0 |  1047
        Lair:1 |       0 |    3820 |   0.0 |       0 |      14 |   0.0 |   983
        Lair:2 |       0 |    6992 |   0.0 |       0 |      41 |   0.0 |  1105
        Lair:3 |       0 |   10308 |   0.0 |       0 |      37 |   0.0 |  1230
        Lair:4 |       0 |    8312 |   0.0 |       0 |      30 |   0.0 |  1154
        Lair:5 |       0 |    6777 |   0.0 |       0 |      22 |   0.0 |   858
        Lair:6 |       0 |   17214 |   0.0 |       0 |      50 |   0.0 |  1651
      Shoals:1 |       0 |   13959 |   0.0 |       0 |      41 |   0.0 |   759
      Shoals:2 |       0 |   16058 |   0.0 |       0 |      32 |   0.0 |   816
      Shoals:3 |       0 |   11507 |   0.0 |       0 |      29 |   0.0 |   456
      Shoals:4 |       0 |   16780 |   0.0 |       0 |      37 |   0.0 |   683
      Spider:1 |       0 |   16639 |   0.0 |       0 |      57 |   0.0 |   574
      Spider:2 |       0 |   19778 |   0.0 |       0 |      58 |   0.0 |  1571
      Spider:3 |       0 |    9965 |   0.0 |       0 |      31 |   0.0 |  1131
      Spider:4 |       0 |   24381 |   0.0 |       0 |      90 |   0.0 |  1033
         Orc:1 |       0 |     422 |   0.0 |       0 |       5 |   0.0 |   115
         Orc:2 |       0 |    9910 |   0.0 |       0 |      58 |   0.0 |   861
      Vaults:1 |       0 |   31587 |   0.0 |       0 |      78 |   0.0 |  1376
      Vaults:2 |       0 |   24344 |   0.0 |       0 |      46 |   0.0 |  1725
      Vaults:3 |       0 |   69998 |   0.0 |       0 |     139 |   0.0 |  2587
      Vaults:4 |       0 |   46666 |   0.0 |       0 |      78 |   0.0 |  1448
      Vaults:5 |       0 |   20017 |   0.0 |       0 |      26 |   0.0 |    74
         IceCv |       0 |    6146 |   0.0 |       0 |      25 |   0.0 |   516
               +---------+---------+-------+---------+---------+-------+---------
